 Dungeon Crawl Stone Soup version 0.31.0-11-ge490571c62 (webtiles) character file.

Game seed: 12391996371689793445

8971 qw the Nimble (level 11, -5/55 HPs)
             Began as a Spriggan Hunter on Feb 4, 2024.
             Was a Believer of Okawaru.
             Slain by a skeletal warrior
             ... wielding a +0 short sword
              (12 damage)
             ... on level 10 of the Dungeon.
             The game lasted 00:02:21 (8533 turns).

qw the Nimble (Spriggan Hunter)                     Turns: 8533, Time: 00:02:22

Health: -5/55      AC:  4    Str:  7    XL:     11   Next: 16%
Magic:  15/15      EV: 36    Int: 11    God:    Okawaru [**....]
Gold:   134        SH:  0    Dex: 23    Spells: 10/10 levels left

rFire   . . .        k - +1 orcbow (elec)
rCold   + . .        (shield currently unavailable)
rNeg    . . .        d - +2 robe {Will+}
rPois   .            (helmet restricted)
rElec   .            (no cloak)
rCorr   .            (gloves unavailable)
SInv    +            (boots unavailable)
Will    ++...        h - amulet of regeneration
Stlth   ++++         n - ring of protection from cold
HPRegen 1.09/turn    (no ring)
MPRegen 0.14/turn

%: no passive effects
@: about to teleport, heroic, very quick
A: very small, no large weapons, unfitting armour, see invisible, speed 3
a: Renounce Religion, Heroism


You were on level 10 of the Dungeon.
You worshipped Okawaru.
Okawaru was pleased with you.
You visited 2 branches of the dungeon, and saw 11 of its levels.

You collected 646 gold pieces.
You spent 512 gold pieces at shops.


Innate Abilities, Weirdness & Mutations

You are very small and have problems with some larger weapons.
You are too small for most types of armour.
You have supernaturally acute eyesight. (SInv)
You cover ground extremely quickly. (Speed+++)


   Skills:
 - Level 5.0(10.0) Fighting
 + Level 12.9(17.9) Ranged Weapons
 - Level 13.1(18.1) Dodging
 - Level 1.5(6.5) Stealth
 - Level 4.6 Invocations


You had 10 spell levels left.
You didn't know any spells.
Your spell library was empty.

Inventory:

Hand Weapons
 k - a +1 orcbow of electrocution (weapon)
Armour
 d - a +2 robe of willpower (worn)
Jewellery
 h - an amulet of regeneration (around neck)
 n - a ring of protection from cold (left hand)
Wands
 a - a wand of paralysis (5)
 g - a wand of roots (18)
 i - a wand of polymorph (13)
 j - a wand of mindburst (11)
Scrolls
 b - 4 scrolls of identify
 f - 3 scrolls of teleportation
Potions
 c - 3 potions of enlightenment
 e - a potion of curing
 l - a potion of haste
 m - 3 potions of mutation

Dungeon Overview and Level Annotations

Branches:
Dungeon (10/15)            Temple (1/1) D:6             Orc (0/2) D:10
   Lair: D:8-11

Altars:
Ashenzari
Cheibriados
Dithmenos
Elyvilon
Fedhas
Gozag
Hepliaklqana
Kikubaaqudgha
Makhleb
Nemelex Xobeh
Okawaru
Qazlal
Ru
Sif Muna
Trog
Uskayaw
Vehumet
Wu Jian
Xom
Yredelemnul
Zin
The Shining One

Shops:
D:3 [   D:8 =   D:9 ?

Portals:
Bailey: D:9

Annotations:
D:8 exclusion: 5 electric eels
D:9 exclusion: 2 electric eels


Message History

You shoot an arrow. The arrow hits the skeletal warrior.
The skeletal warrior is almost destroyed.
You shoot an arrow.
The arrow barely misses the skeletal warrior.
The skeletal warrior hits you with a +0 short sword.
The skeletal warrior hits you with a +0 flail.
You shoot an arrow. The arrow hits the skeletal warrior.
You destroy the skeletal warrior!
Okawaru accepts your kill. The skeletal warrior misses you.
You shoot an arrow. The arrow hits the skeletal warrior!
Lightning courses through the skeletal warrior!
The skeletal warrior is heavily damaged.
You shoot an arrow.
The arrow barely misses the skeletal warrior.
The skeletal warrior hits you with a +0 short sword!!
You shoot an arrow.
The arrow hits the skeletal warrior but does no damage.
The skeletal warrior is heavily damaged.
The skeletal warrior hits you with a +0 short sword!
8529 ||| READING 4 scrolls of teleportation.
As you read the scroll of teleportation, it crumbles to dust.
You feel strangely unstable.
The skeletal warrior closely misses you.
You shoot an arrow.
The arrow barely misses the skeletal warrior.
You shoot an arrow.
The arrow hits the skeletal warrior but does no damage.
The skeletal warrior is heavily damaged.
The skeletal warrior completely misses you.
You shoot an arrow.
The arrow hits the skeletal warrior but does no damage.
Lightning courses through the skeletal warrior!!
The skeletal warrior is severely damaged.
The skeletal warrior misses you.
You shoot an arrow.
The arrow hits the skeletal warrior but does no damage.
The skeletal warrior is severely damaged.
The skeletal warrior hits you with a +0 short sword!
You die...

##..### .. ##..##
... ##..## #.#
##..## #..# ##..##
#..########..##
.###...........#
......)......<.##
#.....z@.)......##
##....######.....##
#### ###....#
###...# ###.....#
#### ##.......#
#######
##..####.......##
......#
##.......########
...#..# ##..#######


You could see a skeletal warrior.

Vanquished Creatures
  2 two-headed ogres (D:9)
  2 skeletal warriors (D:10)
  Pikel (D:5)
  Sigmund (D:2)
  A wraith (D:8)
  A wyvern (D:8)
  2 humans (D:7)
  Eustachio (D:4)
  A steam dragon (D:7)
  Menkaure (D:5)
  Duvessa (D:5)
  A swamp drake (D:10)
  2 water moccasins (D:7)
  4 orc warriors
  4 ice beasts
  A sky beast (D:6)
  3 black bears
  3 ogres
  2 centaurs
  A lemure (D:5)
  A kobold brigand (D:10)
  Blork the orc (D:6)
  3 bullfrogs
  A scorpion (D:5)
  27 wights
  Dowan (D:5)
  6 killer bees (D:8)
  5 electric eels
  A howler monkey (D:4)
  A hound (D:5)
  2 jellies (D:5)
  A bombardier beetle (D:4)
  5 orc priests
  A sleepcap (D:7)
  Ijyb (D:3)
  Natasha (thrice) (D:3)
  3 iguanas
  6 orc wizards
  Terence (D:2)
  3 gnolls (D:5)
  13 adders
  2 shadow imps
  5 white imps
  A dart slug (D:1)
  3 ribbon worms
  33 orcs
  13 ball pythons
  8 bats
  6 endoplasms
  4 giant cockroaches
  7 goblins
  6 hobgoblins
  7 jackals
  3 quokkas
  4 frilled lizards
  12 kobolds
  5 rats
240 creatures vanquished.

Vanquished Creatures (others)
  An arcanist (D:9)
1 creature vanquished.

Grand Total: 241 creatures vanquished

Notes
Turn   | Place    | Note
-------+----------+-------------------------------------------
     0 | D:1      | qw the Spriggan Hunter began the quest for the Orb.
     0 | D:1      | Reached XP level 1. HP: 10/10 MP: 2/2
     0 | D:1      | 0 ||| qw: Version: 0.3-a-160-g6735b56
     0 | D:1      | 0 ||| qw: Game counter: 5726
     0 | D:1      | 0 ||| qw: Melee chars always use a shield: true
     0 | D:1      | 0 ||| qw: God list: Okawaru
     0 | D:1      | 0 ||| qw: Allow faded altars: false
     0 | D:1      | 0 ||| qw: Do Orc after clearing Dungeon:15 true
     0 | D:1      | 0 ||| qw: Do second Lair branch before Depths: true
     0 | D:1      | 0 ||| qw: Lair rune preference: random
     0 | D:1      | 0 ||| qw: Goals: Normal
     0 | D:1      | 0 ||| PLANNING D:1-11
    39 | D:1      | Reached skill level 3 in Dodging
    78 | D:1      | Reached XP level 2. HP: 14/14 MP: 3/3
   191 | D:1      | Reached skill level 4 in Dodging
   225 | D:1      | Found a faded altar of an unknown god.
   605 | D:1      | 605 ||| READING 2 scrolls labelled PIUBUSIEJAS.
   605 | D:1      | 605 ||| ENCHANTING +0 shortbow.
   606 | D:1      | 606 ||| READING scroll of enchant weapon.
   606 | D:1      | 606 ||| ENCHANTING +1 shortbow.
   607 | D:1      | 607 ||| READING scroll labelled NEC BATAKE.
   608 | D:1      | 608 ||| READING 2 scrolls labelled SUHETO YMAU.
   609 | D:1      | 609 ||| READING scroll labelled RUIDEZ ILA.
   614 | D:1      | 614 ||| READING scroll labelled UXIAPEIZIO.
   615 | D:1      | 615 ||| DROPPING scroll of butterflies.
   616 | D:1      | 616 ||| DROPPING scroll of immolation.
   746 | D:2      | Reached XP level 3. HP: 11/18 MP: 4/4
   802 | D:2      | HP: 3/18 [adder (3)]
   883 | D:2      | 883 ||| READING scroll of enchant weapon.
   883 | D:2      | 883 ||| ENCHANTING +2 shortbow.
   906 | D:2      | Reached XP level 4. HP: 20/22 MP: 5/5
   974 | D:2      | Noticed Terence
   978 | D:2      | Killed Terence
  1064 | D:2      | Reached skill level 5 in Dodging
  1087 | D:2      | Found a white marble altar of Elyvilon.
  1101 | D:2      | Noticed Sigmund
  1106 | D:2      | 1106 ||| DRINKING coppery potion.
  1113 | D:2      | 1113 ||| DRINKING metallic sapphire potion.
  1114 | D:2      | 1114 ||| DRINKING lumpy amethyst potion.
  1126 | D:2      | Killed Sigmund
  1127 | D:2      | Reached skill level 3 in Fighting
  1127 | D:2      | Reached XP level 5. HP: 22/29 MP: 6/6
  1127 | D:2      | Reached XP level 6. HP: 25/33 MP: 7/7
  1762 | D:2      | 1762 ||| UPGRADING to +2 robe of willpower.
  1772 | D:2      | 1772 ||| DROPPING +0 robe.
  1773 | D:2      | 1773 ||| READING scroll labelled UPSOPA XEDIPN.
  1773 | D:2      | 1773 ||| IDENTIFYING red potion
  1841 | D:3      | Noticed Natasha
  1844 | D:3      | Killed Natasha
  1857 | D:3      | Noticed Natasha
  1861 | D:3      | Killed Natasha
  2054 | D:3      | Found a snail-covered altar of Cheibriados.
  2057 | D:3      | Found a sacrificial altar of Ru.
  2058 | D:3      | Noticed Natasha
  2065 | D:3      | 2065 ||| RETREEEEATING.
  2065 | D:3      | Found a glowing golden altar of the Shining One.
  2066 | D:3      | 2066 ||| RETREEEEATING.
  2068 | D:3      | 2068 ||| RETREEEEATING.
  2069 | D:3      | Killed Natasha
  2134 | D:3      | Found a radiant altar of Vehumet.
  2153 | D:3      | Noticed Ijyb
  2161 | D:3      | Killed Ijyb
  2162 | D:3      | Reached skill level 6 in Ranged Weapons
  2399 | D:3      | 2399 ||| READING scroll of enchant weapon.
  2399 | D:3      | 2399 ||| ENCHANTING +3 shortbow.
  2603 | D:3      | Found Joalulof's Armour Emporium.
  2616 | D:3      | 2616 ||| READING scroll of identify.
  2616 | D:3      | 2616 ||| IDENTIFYING golden potion
  2860 | D:4      | Found a stormy altar of Qazlal.
  2887 | D:4      | Reached skill level 6 in Dodging
  2887 | D:4      | Reached XP level 7. HP: 37/37 MP: 8/8
  3258 | D:4      | Noticed Eustachio
  3281 | D:4      | Killed Eustachio
  3471 | D:4      | 3471 ||| DROPPING amulet of magic regeneration.
  3472 | D:4      | 3472 ||| READING scroll labelled OPHU HETUDD.
  3534 | D:4      | 3534 ||| READING scroll labelled RECHUGI QAIBB.
  3635 | D:4      | 3635 ||| READING scroll labelled FYLAMO NOGET.
  3674 | D:5      | Entered Level 5 of the Dungeon
  3677 | D:5      | Reached skill level 7 in Dodging
  3689 | D:5      | Reached XP level 8. HP: 42/42 MP: 9/9
  3873 | D:5      | Noticed Dowan
  3879 | D:5      | Reached skill level 8 in Dodging
  3889 | D:5      | Killed Dowan
  3903 | D:5      | Noticed Duvessa
  3904 | D:5      | 3904 ||| FLEEEEING.
  3936 | D:5      | 3936 ||| FLEEEEING.
  4060 | D:5      | Noticed Menkaure
  4069 | D:5      | Killed Menkaure
  4215 | D:5      | Killed Duvessa
  4216 | D:5      | Reached skill level 9 in Ranged Weapons
  4332 | D:5      | Noticed Pikel
  4335 | D:5      | 4335 ||| RETREEEEATING.
  4338 | D:5      | 4338 ||| RETREEEEATING.
  4339 | D:5      | 4339 ||| RETREEEEATING.
  4340 | D:5      | 4340 ||| RETREEEEATING.
  4341 | D:5      | 4341 ||| RETREEEEATING.
  4344 | D:5      | 4344 ||| RETREEEEATING.
  4350 | D:5      | Killed Pikel
  4351 | D:5      | Reached skill level 10 in Dodging
  4351 | D:5      | Reached XP level 9. HP: 45/45 MP: 10/10
  4534 | D:5      | 4534 ||| UPGRADING to amulet of regeneration.
  4539 | D:5      | 4539 ||| READING 4 scrolls of identify.
  4539 | D:5      | 4539 ||| IDENTIFYING pink potion
  4540 | D:5      | 4540 ||| DROPPING potion of brilliance.
  4641 | D:6      | 4641 ||| RETREEEEATING.
  4694 | D:6      | 4694 ||| SWAPPING to +0 orcbow.
  4695 | D:6      | 4695 ||| DROPPING +4 shortbow.
  4769 | D:6      | Noticed Blork the orc
  4774 | D:6      | 4774 ||| RETREEEEATING.
  4777 | D:6      | Killed Blork the orc
  4779 | D:6      | 4779 ||| FLEEEEING.
  4780 | D:6      | 4780 ||| FLEEEEING.
  4781 | D:6      | 4781 ||| FLEEEEING.
  4782 | D:6      | 4782 ||| FLEEEEING.
  4841 | D:6      | 4841 ||| RETREEEEATING.
  4843 | D:6      | Reached skill level 11 in Dodging
  4851 | D:6      | HP: 11/45 [black bear (3)]
  4852 | D:6      | 4852 ||| READING 4 scrolls of teleportation.
  4854 | D:6      | 4854 ||| ZAPPING wand of mindburst (12) at -1,1 (black
                  | bear; floor).
  4899 | D:6      | Found a staircase to the Ecumenical Temple.
  4900 | D:6      | 4900 ||| PLANNING TEMPLE
  4910 | Temple   | Entered the Ecumenical Temple
  4911 | Temple   | 4911 ||| PLANNING D:1-11
  4941 | D:6      | HP: 11/45 [ogre/+0 giant club (34)]
  4942 | D:6      | 4942 ||| READING 3 scrolls of teleportation.
  5076 | D:6      | 5076 ||| READING scroll of enchant weapon.
  5076 | D:6      | 5076 ||| ENCHANTING +0 orcbow.
  5298 | D:7      | 5298 ||| RETREEEEATING.
  5319 | D:7      | Reached skill level 12 in Dodging
  5367 | D:7      | Reached XP level 10. HP: 43/49 MP: 11/11
  5367 | D:7      | 5367 ||| Stepping ~*~*~tactically~*~*~ (cloud).
  5590 | D:7      | Found an iron altar of Okawaru.
  5591 | D:7      | 5591 ||| PLANNING OKAWARU WORSHIP
  5626 | D:7      | Became a worshipper of Warmaster Okawaru
  5627 | D:7      | 5627 ||| PLANNING D:1-11
  5794 | D:8      | Found a hide-covered altar of Uskayaw.
  6036 | D:8      | Reached skill level 12 in Ranged Weapons
  6104 | D:8      | Reached * piety under Okawaru
  6253 | D:8      | Reached skill level 1 in Invocations
  6356 | D:8      | Found a blossoming altar of Fedhas.
  6389 | D:8      | Found a sparkling altar of Nemelex Xobeh.
  6499 | D:8      | Found Ihughun's Jewellery Emporium.
  6509 | D:8      | 6509 ||| SHOPLISTING +4 ring of protection (504 gold, have
                  | 489).
  6509 | D:8      | 6509 ||| SHOPLISTING +5 ring of evasion (504 gold, have
                  | 489).
  6509 | D:8      | 6509 ||| SHOPLISTING +6 ring of dexterity (504 gold, have
                  | 489).
  6509 | D:8      | 6509 ||| SHOPLISTING +6 ring of strength (504 gold, have
                  | 489).
  6509 | D:8      | 6509 ||| SHOPLISTING amulet of faith (560 gold, have 489).
  6509 | D:8      | 6509 ||| SHOPLISTING ring "Juosad" {Wiz ^Drain rPois Str+5}
                  | (645 gold, have 489).
  6509 | D:8      | 6509 ||| BUYING ring of protection from cold (350 gold).
  6509 | D:8      | Bought a ring of protection from cold for 350 gold pieces
  7234 | D:8      | 7234 ||| UPGRADING to ring of protection from cold.
  7235 | D:8      | 7235 ||| READING 5 scrolls of identify.
  7235 | D:8      | 7235 ||| IDENTIFYING metallic ruby potion
  7236 | D:8      | 7236 ||| READING 4 scrolls of identify.
  7236 | D:8      | 7236 ||| IDENTIFYING 2 emerald potions
  7237 | D:8      | 7237 ||| DROPPING 2 potions of attraction.
  7308 | D:9      | Noticed a two-headed ogre
  7309 | D:9      | 7309 ||| INVOKING Heroism.
  7323 | D:9      | Killed a two-headed ogre
  7324 | D:9      | Reached skill level 3 in Invocations
  7599 | D:9      | Found a glowing silver altar of Zin.
  7720 | D:9      | Noticed a two-headed ogre
  7721 | D:9      | 7721 ||| INVOKING Heroism.
  7732 | D:9      | Killed a two-headed ogre
  7733 | D:9      | Reached skill level 13 in Dodging
  7806 | D:9      | Found a flagged portal.
  7914 | D:9      | Found Giaggiol's Magic Scroll Shop.
  7919 | D:9      | 7919 ||| SHOPLISTING scroll of acquirement (624 gold, have
                  | 164).
  7919 | D:9      | 7919 ||| BUYING scroll of brand weapon (114 gold).
  7919 | D:9      | Bought a scroll of brand weapon for 114 gold pieces
  7919 | D:9      | 7919 ||| BUYING scroll of identify (24 gold).
  7919 | D:9      | Bought a scroll of identify for 24 gold pieces
  7919 | D:9      | 7919 ||| BUYING scroll of identify (24 gold).
  7919 | D:9      | Bought a scroll of identify for 24 gold pieces
  7919 | D:9      | 7919 ||| SHOPLISTING scroll of teleportation (36 gold, have
                  | 2).
  7919 | D:9      | 7919 ||| READING scroll of brand weapon.
  7919 | D:9      | 7919 ||| BRANDING +1 orcbow.
  8042 | D:9      | Found a bloodstained altar of Trog.
  8044 | D:9      | Noticed a wizard
  8050 | D:9      | Killed a wizard
  8124 | D:9      | 8124 ||| READING 6 scrolls of identify.
  8124 | D:9      | 8124 ||| IDENTIFYING puce potion
  8125 | D:9      | 8125 ||| READING 5 scrolls of identify.
  8125 | D:9      | 8125 ||| IDENTIFYING scroll labelled RIBLUM ZIUMUPH
  8126 | D:9      | 8126 ||| DROPPING potion of berserk rage.
  8127 | D:9      | 8127 ||| DROPPING scroll of blinking.
  8134 | D:10     | Entered Level 10 of the Dungeon
  8142 | D:10     | Reached ** piety under Okawaru
  8367 | D:10     | Found a staircase to the Orcish Mines.
  8375 | D:10     | Reached XP level 11. HP: 55/55 MP: 15/15
  8396 | D:10     | 8396 ||| DRINKING 2 potions of curing.
  8396 | D:10     | 8396 ||| (to cure confusion)
  8484 | D:10     | Noticed a skeletal warrior
  8485 | D:10     | 8485 ||| INVOKING Heroism.
  8498 | D:10     | Killed a skeletal warrior
  8505 | D:10     | Noticed a skeletal warrior
  8505 | D:10     | Noticed a skeletal warrior
  8514 | D:10     | 8514 ||| INVOKING Heroism.
  8525 | D:10     | Killed a skeletal warrior
  8528 | D:10     | HP: 3/55 [skeletal warrior/+0 short sword (16)]
  8529 | D:10     | 8529 ||| READING 4 scrolls of teleportation.
  8533 | D:10     | Slain by a skeletal warrior

Levels and vault maps discovered:
D:1:      scummos_arrival_simple_crosswalls, layout_basic,
          shapermc_ecumenical_altar_ellora
D:2:      layout_basic, basic_altar, st_stairs_9, chequers_big_river,
          minmay_snake_closets, uniq_sigmund, uniq_terence
D:3:      layout_loops_ring, nicolae_overflow_macrodata_refinement,
          serial_shops, nicolae_lakefront_shop, uniq_ijyb, uniq_natasha
D:4:      layout_basic, lemuel_crystal_altar, ebering_dispersal_statue_hall,
          minmay_unequal, uniq_eustachio
D:5:      layout_basic, serial_bayou_pond_d, minmay_misc_feat_tiny,
          uniq_duvessa, uniq_pikel, uniq_menkaure
D:6:      layout_basic, minmay_temple_entry_stoned_glass, bh_walls_and_bars,
          uniq_blork_the_orc
D:7:      layout_basic, okawaru_humans
D:8:      layout_basic, mainiacjoe_overflow_boulevard,
          mainiacjoe_overflow_big_doors, serial_shops,
          nicolae_shop_tiny_statue_garden, serial_bayou_lake_a
D:9:      layout_cave_pods, trog_wizard, zin_statuary,
          nicolae_elyvilon_temple_path, enter_bailey_5, serial_shops,
          nicolae_shop_hallway_plus
D:10:     layout_layer_cave, erik_orc_1
Temple:   eino_wide_crystal_templ

Skill      XL: |  1  2  3  4  5  6  7  8  9 10 |
---------------+-------------------------------+-----
Dodging        | 3 4 5 6 7 10 12 13 | 13.1
Ranged Weapons | 5 6 7 9 11 12 | 12.9
Fighting       | 3 4 5 |  5.0
Invocations    | 4 |  4.6
Stealth        | |  1.5

Action                     |  1- 3 |  4- 6 |  7- 9 | 10-12 || total
---------------------------+-------+-------+-------+-------++-------
   Fire: Shortbow          |    96 |   127 |   222 |       ||   445
         Orcbow            |       |       |   133 |   348 ||   481
 Invoke: Heroism           |       |       |       |     4 ||     4
  Evoke: Wand              |       |       |     1 |       ||     1
    Use: Scroll            |     7 |     3 |     7 |     6 ||    23
         Potion            |       |     3 |       |     1 ||     4
 Armour: Robe              |    19 |    10 |    49 |    35 ||   113
         Skin              |       |    14 |       |       ||    14
  Dodge: Dodged            |    43 |    15 |   180 |   168 ||   406

Table legend:
 A = Non-vault XP
 B = Vault XP
 C = Vault XP percentage of total XP
 D = Non-vault monster count
 E = Vault monster count
 F = Vault count percentage of total count
                 A         B        C        D         E       F
            +---------+---------+-------+---------+---------+-------
      Total |   10153 |    2664 |  20.8 |     190 |      49 |  20.5
            +---------+---------+-------+---------+---------+-------
        D:1 |      38 |       0 |   0.0 |      24 |       0 |   0.0
        D:2 |      60 |     349 |  85.3 |      13 |      15 |  53.6
        D:3 |     100 |      72 |  41.9 |      20 |       2 |   9.1
        D:4 |     420 |     193 |  31.5 |      19 |       4 |  17.4
        D:5 |     623 |     995 |  61.5 |      16 |       4 |  20.0
        D:6 |    1421 |      90 |   6.0 |      25 |       1 |   3.8
        D:7 |    1755 |     381 |  17.8 |      21 |       2 |   8.7
        D:8 |    1859 |       0 |   0.0 |      31 |       0 |   0.0
        D:9 |    1956 |       6 |   0.3 |       7 |       4 |  36.4
       D:10 |    1921 |     578 |  23.1 |      14 |      17 |  54.8
            +---------+---------+-------+---------+---------+-------
